 Dungeon Crawl Stone Soup version 0.29-a0-925-g0a7a3d12f8 (webtiles) character file.

Game seed: 8624417366259903642

37 greasedhog the Shooter (level 3, -3/21 HPs)
             Began as a Gargoyle Hunter on July 29, 2022.
             Killed from afar by Sigmund (15 damage)
             ... with a bolt of dispelling energy
             ... on level 2 of the Dungeon.
             The game lasted 00:01:38 (762 turns).

greasedhog the Shooter (Gargoyle Hunter)             Turns: 762, Time: 00:01:39

Health: -3/21      AC: 10    Str: 14    XL:     3   Next: 39%
Magic:  3/3        EV: 12    Int:  9    God:
Gold:   74         SH:  0    Dex: 15    Spells: 2/2 levels left

rFire   + . .      SeeInvis .   c - +0 arbalest
rCold   . . .      Faith    .   (shield currently unavailable)
rNeg    + . .      Spirit   .   e - +2 leather armour {rF+}
rPois   ∞          Reflect  .   (no helmet)
rElec   +          Harm     .   (no cloak)
rCorr   .          Rampage  .   (no gloves)
Will    +....                   h - +1 pair of boots
Stlth   ++........              (no amulet)
HPRegen 0.07/turn               n - ring of willpower
MPRegen 0.08/turn               (no ring)

@: no status effects
A: sickness immunity, AC +3, negative energy resistance 1, electricity
resistance, torment resistance 1, petrification resistance
a: no special abilities


You were on level 2 of the Dungeon.
You visited 1 branch of the dungeon, and saw 2 of its levels.

You collected 74 gold pieces.

Inventory:

Hand Weapons
 c - a +0 arbalest (weapon)
 o - a +3 dagger
Armour
 e - a +2 leather armour of fire resistance (worn)
 h - a +1 pair of boots (worn)
Jewellery
 i - a ring of ice
 n - a ring of willpower (left hand)
Scrolls
 b - 2 scrolls of immolation
 j - 3 scrolls of vulnerability
 l - a scroll of teleportation
Potions
 a - 2 potions of invisibility {unknown}
 d - a potion of might {unknown}
 f - a potion of mutation {unknown}
 g - a potion of brilliance {unknown}
 m - a potion of attraction {unknown}


   Skills:
 - Level 2.1 Fighting
 * Level 4.6 Ranged Weapons
 * Level 2.4 Dodging
 - Level 1.1 Stealth


You had 2 spell levels left.
You didn't know any spells.
Your spell library contained the following spells:

 Spells                   Type           Power      Damage    Failure   Level
 Sting                    Tmut/Pois      0%         1d3       45%         1
 Poisonous Vapours        Pois/Air       0%         N/A       61%         2
 Olgreb's Toxic Radiance  Pois           0%         N/A       99%         4
 Petrify                  Tmut/Erth      0%         N/A       99%         4
 Irradiate                Conj/Tmut      0%         3d11      100%        5
 Sublimation of Blood     Necr           Unusable   N/A       N/A         2

Dungeon Overview and Level Annotations

Branches:
Dungeon (2/15)

Altars:

Annotations:
D:2 Sigmund


Innate Abilities, Weirdness & Mutations

You are immune to sickness and miasma.
Your stone body is resilient. (AC +3)
You are immune to poison.
You resist negative energy. (rN+)
You are resistant to electric shocks. (rElec)
You are resistant to unholy torment.
You are immune to petrification.


Message History

You kill the giant cockroach!
No target in view!
No target in view!
No target in view!
No target in view!
No target in view!
No target in view!
No target in view!
No target in view!
No target in view!
No target in view!
No target in view!
No target in view!
No target in view!
No target in view!
No target in view!
No target in view!
No target in view!
No target in view!
No target in view!
No target in view!
No target in view!
Found 3 stones.
You see here 3 stones.
There is an open door here.
As you open the door, it creaks loudly!
You hear a shout!
There is an open door here.
Sigmund the Dreaded comes into view.
He is wielding a +0 scythe, wearing a +2 robe of cold resistance and carrying a wand of quicksilver (4).
You shoot a bolt. The bolt barely misses Sigmund.
You shoot a bolt. The bolt hits Sigmund.
Sigmund is moderately wounded.
Sigmund zaps a wand.
The bolt of dispelling energy hits you! Sigmund hits you but does no damage.
You shoot a bolt. The bolt closely misses Sigmund.
Sigmund casts a spell at you. The puff of flame misses you.
You shoot a bolt. The bolt barely misses Sigmund.
Sigmund barely misses you.
Sigmund zaps a wand.
The bolt of dispelling energy hits you!
Ouch! That really hurt!
You die...

......# #.#
#....####.####### ###
.)..............# #..
#'#######'#####.#
#..##
....###.....###.##....
.....###.....##..#..#
#.....###..†..#...@.
##.....###....#.#.#
###.....###...'.@.#
.####)### ##..#.....#
..#.....#
##.#........#
..#..(..# ###........#
..'.....+ #.........
..#.....# #........#
#.#†....# #.........
#####+### #........#


You could see Sigmund.

Vanquished Creatures
  2 dart slugs (D:1)
  3 ball pythons
  3 bats (D:1)
  An endoplasm (D:1)
  2 giant cockroaches
  5 goblins
  4 hobgoblins
  2 jackals (D:1)
  A kobold (D:2)
  3 frilled lizards (D:1)
  3 rats
29 creatures vanquished.

Notes
Turn   | Place    | Note
-------+----------+-------------------------------------------
     0 | D:1      | greasedhog the Gargoyle Hunter began the quest for the Orb.
     0 | D:1      | Reached XP level 1. HP: 12/12 MP: 1/1
   109 | D:1      | Reached XP level 2. HP: 17/17 MP: 2/2
   457 | D:1      | Reached XP level 3. HP: 21/21 MP: 3/3
   758 | D:2      | Noticed Sigmund
   762 | D:2      | Killed from afar by Sigmund

Illustrated notes

Levels and vault maps discovered:
D:1:      nzn_arrival_settlement, layout_rooms, minmay_small_reverse_x
D:2:      layout_rooms, minmay_quadrilaterals, uniq_sigmund, uniq_natasha

Skill      XL: |  1  2 |
---------------+-------+-----
Dodging        | 2 |  2.4
Fighting       | |  2.1
Ranged Weapons | |  4.6
Stealth        | |  1.1

Action                   || total
-------------------------++-------
 Fire: Shortbow          ||    64
       Arbalest          ||    15
  Use: Scroll            ||     6
Armor: Leather armour    ||    11
Dodge: Dodged            ||    23

Table legend: (Time is in decaauts)
 A = Elapsed time spent in this place.
 B = Non-inter-level travel time spent in this place.
 C = Inter-level travel time spent in this place.
 D = Time resting spent in this place.
 E = Time spent auto-exploring this place.
 F = Levels seen in this place.
 G = Mean time per level.
                   A        B        C        D        E       F      G
               +--------+--------+--------+--------+--------+-----+--------+
         Total |    791 |    720 |     71 |      0 |    513 |   2 |  395.5 |
       Dungeon |    791 |    720 |     71 |      0 |    513 |   2 |  395.5 |
               +--------+--------+--------+--------+--------+-----+--------+

Top non-repeatable levels by time:
     D:1: 666 daAuts
     D:2: 124 daAuts
